 Dungeon Crawl Stone Soup version 0.28-a0-1206-g193881aaa2 (webtiles) character file.

Game seed: 13943108101807234005

571 blank1 the Chopper (level 7, -2/63 HPs)
             Began as a Hill Orc Fighter on Dec 21, 2021.
             Slain by an ogre (4 damage)
             ... on level 4 of the Dungeon.
             The game lasted 00:05:40 (4131 turns).

blank1 the Chopper (Hill Orc Fighter)               Turns: 4131, Time: 00:05:41

Health: -2/63      AC: 11    Str: 21    XL:     7   Next: 34%
Magic:  7/7        EV:  8    Int:  8    God:
Gold:   222        SH:  4    Dex: 10    Spells: 6/6 levels left

rFire   . . .      SeeInvis .   a - +0 war axe
rCold   . . .      Faith    .   c - +0 buckler
rNeg    . . .      Spirit   .   m - +0 chain mail
rPois   .          Reflect  .   (no helmet)
rElec   .          Harm     .   (no cloak)
rCorr   .          Rampage  .   u - +0 pair of gloves {Stlth+}
Will    .....                   v - +0 pair of boots
Stlth   ..........              (no amulet)
HPRegen 0.20/turn               (no ring)
MPRegen 0.10/turn               (no ring)

@: no status effects
A: no striking features
a: no special abilities


You were on level 4 of the Dungeon.
You visited 1 branch of the dungeon, and saw 5 of its levels.

You collected 222 gold pieces.

Inventory:

Hand Weapons
 a - a +0 war axe (weapon)
Armour
 c - a +0 buckler (worn)
 m - a +0 chain mail (worn)
 u - a +0 pair of gloves of stealth (worn)
 v - a +0 pair of boots (worn)
Scrolls
 g - a scroll of teleportation {unknown}
 j - a scroll of holy word {unknown}
 k - a scroll of identify {unknown}
 l - a scroll of immolation {unknown}
 n - a scroll of magic mapping {unknown}
 r - a scroll of fear {unknown}
 s - a scroll of noise {unknown}
 t - a scroll of fog {unknown}
Potions
 b - 2 potions of berserk rage {unknown}
 d - 2 potions of might
 e - 3 potions of lignification {unknown}
 f - a potion of curing {unknown}
 h - a potion of invisibility {unknown}
 i - a potion of brilliance {unknown}
 o - a potion of ambrosia {unknown}
 p - a potion of magic {unknown}
 q - a potion of flight {unknown}


   Skills:
 - Level 6.0 Fighting
 + Level 7.2 Axes
 - Level 4.0 Armour
 - Level 2.0 Dodging
 - Level 4.0 Shields


You had 6 spell levels left.
You didn't know any spells.
Your spell library contained the following spells:

 Spells                   Type           Power      Damage    Failure   Level
 Freeze                   Ice            0%         1d3       98%         1
 Frozen Ramparts          Ice            0%         1d2       100%        3
 Hailstorm                Conj/Ice       0%         3d3       100%        4


Dungeon Overview and Level Annotations

Branches:
Dungeon (5/15)
 Temple: D:4-7

Altars:


Message History

You hit the howler monkey zombie.
The howler monkey zombie is almost destroyed.
The howler monkey zombie barely misses you.
You slash the howler monkey zombie!
You destroy the howler monkey zombie!
No target in view!
Found a stone staircase leading down.
An ogre comes into view. It is wielding a +0 giant club.
The ogre shouts!
An ogre is nearby!
A scorpion comes into view.
You barely miss the ogre.
The ogre hits you with a +0 giant club!!
You hit the ogre.
The ogre is lightly wounded.
The ogre hits you but does no damage.
You hit the ogre but do no damage.
The ogre is lightly wounded.
The ogre hits you with a +0 giant club!!
You are too injured to fight recklessly!
You are too injured to fight recklessly!
You are too injured to fight recklessly!
There is a stone staircase leading up here.
The ogre hits you with a +0 giant club!
* * * LOW HITPOINT WARNING * * *
You climb upwards.
There is a stone staircase leading down here.
You hit the ogre.
The ogre is lightly wounded.
The ogre hits you with a +0 giant club!
* * * LOW HITPOINT WARNING * * *
You barely miss the ogre.
The ogre is lightly wounded.
You barely miss the ogre.
The ogre is lightly wounded.
The ogre completely misses you.
You barely miss the ogre.
The ogre is lightly wounded.
The ogre hits you with a +0 giant club.
You die...

##.....#..........
#......#..........
#..........####...
#.###......####...
###.###..^.....##...
#....#...........>..
#....#..............
#..O................
#..@..#.......(#....
#..............#....
#....##.............
#....##........#....
###.####.......#....
########.####.###.#.#....
##.....##......# #.#..####
##..............###.....##.
#................###.......


You could see an ogre.

Vanquished Creatures
  A black bear (D:4)
  A phantom (D:4)
  2 orc priests
  A centaur skeleton (D:4)
  3 orc wizards (D:5)
  An iguana (D:5)
  A howler monkey zombie (D:5)
  7 gnolls
  5 adders
  2 adder skeletons (D:4)
  A dart slug (D:3)
  6 orcs
  4 bats
  10 endoplasms
  3 giant cockroaches
  9 goblins
  8 hobgoblins
  10 kobolds
  6 quokkas
  2 ball pythons
  6 rats
89 creatures vanquished.

Notes
Turn   | Place    | Note
-------+----------+-------------------------------------------
     0 | D:1      | blank1 the Hill Orc Fighter began the quest for the Orb.
     0 | D:1      | Reached XP level 1. HP: 19/19 MP: 1/1
   127 | D:1      | Reached skill level 3 in Axes
   127 | D:1      | Reached XP level 2. HP: 27/27 MP: 2/2
   296 | D:1      | Found a faded altar of an unknown god.
   550 | D:1      | Reached XP level 3. HP: 23/33 MP: 3/3
  1206 | D:2      | You fall into a shaft and drop 2 floors!
  1375 | D:2      | Reached XP level 4. HP: 35/40 MP: 4/4
  1377 | D:2      | Reached skill level 4 in Axes
  1856 | D:2      | Reached skill level 5 in Axes
  1988 | D:2      | Reached XP level 5. HP: 46/46 MP: 5/5
  2753 | D:4      | Reached skill level 6 in Axes
  2879 | D:4      | Noticed a black bear
  2903 | D:4      | Killed a black bear
  2904 | D:4      | Reached skill level 1 in Dodging
  2904 | D:4      | Reached XP level 6. HP: 46/55 MP: 6/6
  3137 | D:4      | Reached skill level 5 in Fighting
  3780 | D:5      | Entered Level 5 of the Dungeon
  3785 | D:5      | Reached XP level 7. HP: 57/61 MP: 7/7
  4011 | D:5      | Reached skill level 7 in Axes
  4128 | D:4      | HP: 2/63 [ogre (13)]
  4131 | D:4      | Slain by an ogre

Illustrated notes

Levels and vault maps discovered:
D:1:      matt_arrival_debris, layout_basic,
          hellmonk_ecumenical_altar_prayer_group
D:2:      layout_basic, serial_corexii_hall, chequers_hall_statues_y,
          corexii_hall_statues_l, corexii_hall_statues_s, corexii_hall_statues_x
D:3:      layout_loops_ring, kennysheep_path_1
D:4:      layout_rooms, nrook_uturn
D:5:      layout_rooms, gammafunk_temple_overflow_claw

Skill      XL: |  1  2  3  4  5  6  7 |
---------------+----------------------+-----
Axes           | 3 5 6 7 |  7.2
Fighting       | 4 5 6 |  6.0
Armour         | 4 |  4.0
Shields        | 4 |  4.0
Dodging        | 1 2 |  2.0

Action                   |  1- 3 |  4- 6 |  7- 9 || total
-------------------------+-------+-------+-------++-------
Melee: War axe           |    98 |   123 |    40 ||   261
Armor: Scale mail        |    47 |     9 |       ||    56
       Chain mail        |       |    43 |    24 ||    67
Dodge: Dodged            |    69 |    51 |     9 ||   129
Block: Buckler           |    23 |    22 |     6 ||    51

Table legend: (Time is in decaauts)
 A = Elapsed time spent in this place.
 B = Non-inter-level travel time spent in this place.
 C = Inter-level travel time spent in this place.
 D = Time resting spent in this place.
 E = Time spent auto-exploring this place.
 F = Levels seen in this place.
 G = Mean time per level.
                   A        B        C        D        E       F      G
               +--------+--------+--------+--------+--------+-----+--------+
         Total |   4202 |   4064 |    138 |    682 |   2620 |   5 |  840.4 |
       Dungeon |   4202 |   4064 |    138 |    682 |   2620 |   5 |  840.4 |
               +--------+--------+--------+--------+--------+-----+--------+

Top non-repeatable levels by time:
     D:1: 1088 daAuts
     D:4: 1049 daAuts
     D:2: 940 daAuts
     D:3: 771 daAuts
     D:5: 353 daAuts
